[ AOE2 MATCH · #476482826 ]
UnrankedJapanese vs Teutons
[ REPLAY ANALYSIS · EXTRACTED FROM THE RECORDED GAME ]
Feudal
11:21
Castle
15:02
Imperial
—
| APM avg | 23.2 |
| APM peak | 42 |
| eAPM avg | 14.7 |
| Villagers / military | 58 / 54 |
Focus
⚔️ 22.8% · 🌾 77.2%
Samurai ×46 · Battering Ram ×5 · Mangonel ×3
Feudal
10:31
Castle
14:51
Imperial
—
| APM avg | 47.9 |
| APM peak | 95 |
| eAPM avg | 21.0 |
| Villagers / military | 79 / 39 |
Focus
⚔️ 25.1% · 🌾 74.9%
Spearman ×18 · Monk ×9 · Knight ×4 · Battering Ram ×4 · Scout Cavalry ×3 · Scorpion ×1
Feudal
11:34
Castle
16:54
Imperial
—
| APM avg | 47.2 |
| APM peak | 92 |
| eAPM avg | 13.1 |
| Villagers / military | 41 / 18 |
Focus
⚔️ 23.1% · 🌾 76.9%
Conquistador ×17 · Missionary ×1
Feudal
10:42
Castle
14:49
Imperial
—
| APM avg | 20.3 |
| APM peak | 47 |
| eAPM avg | 12.4 |
| Villagers / military | 66 / 18 |
Focus
⚔️ 20.5% · 🌾 79.5%
Hand Cannoneer ×8 · Mangonel ×4 · Battering Ram ×4 · Monk ×2
Feudal
11:21
Castle
14:54
Imperial
—
| APM avg | 42.3 |
| APM peak | 60 |
| eAPM avg | 23.8 |
| Villagers / military | 59 / 32 |
Focus
⚔️ 37.4% · 🌾 62.6%
Camel Scout ×17 · Armored Elephant ×15
Feudal
10:31
Castle
13:47
Imperial
—
| APM avg | 17.0 |
| APM peak | 41 |
| eAPM avg | 12.7 |
| Villagers / military | 81 / 26 |
Focus
⚔️ 16.9% · 🌾 83.1%
Battle Elephant ×26
Feudal
11:09
Castle
15:11
Imperial
28:00
| APM avg | 24.5 |
| APM peak | 69 |
| eAPM avg | 15.7 |
| Villagers / military | 105 / 11 |
Focus
⚔️ 15.6% · 🌾 84.4%
Mangudai ×11
Feudal
8:54
Castle
19:21
Imperial
—
| APM avg | 29.6 |
| APM peak | 71 |
| eAPM avg | 17.4 |
| Villagers / military | 59 / 1 |
Focus
⚔️ 12.9% · 🌾 87.1%
Iron Pagoda ×1
Match map
Initial resources + every placement click. Lines = walls · curves = elevation contours. ◆ gold · ⬟ stone · ● berries · ✦ relic · ◌ wall gap
Your base· ✓ Closed at 15:02 · 0t walls · 2 gate(s)
RBase96's base· ✓ Closed at 14:51 · 0t walls · 3 gate(s)
Rabee-3's base· ✓ Closed at 16:54 · 1t walls · 2 gate(s)
Arizona Ranger's base· ✓ Closed at 14:49 · 0t walls · 3 gate(s)
JoC-Rui's base· ✓ Closed at 14:54 · 0t walls · 2 gate(s)
spaz_the_adventurer's base· ✓ Closed at 13:47 · 0t walls · 2 gate(s)
JoC-MBA's base· ✓ Closed at 15:11 · 0t walls · 2 gate(s)
Lorhey's base· ✓ Closed at 19:21 · 0t walls · 2 gate(s)
Smoothed initial terrain · ◌ = detected wall gap · hover for details
Inputs per minute
— JoC-HANZO - - RBase96
Build order — JoC-HANZO
149 actions detected in the replay
| 0:01 | Create | Villager (Male) ×4 |
| 0:02 | Build | House |
| 0:04 | Build | House |
| 1:26 | Create | Villager (Male) |
| 1:56 | Create | Villager (Male) |
| 2:20 | Build | Lumber Camp |
| 2:22 | Create | Villager (Male) |
| 2:30 | Create | Villager (Male) |
| 2:57 | Create | Villager (Male) |
| 3:23 | Build | House |
| 3:33 | Create | Villager (Male) |
| 3:33 | Create | Villager (Male) |
| 4:01 | Create | Villager (Male) |
| 4:02 | Create | Villager (Male) |
| 4:02 | Create | Villager (Male) |
| 4:14 | Build | Mill |
| 4:51 | Create | Villager (Male) |
| 4:51 | Create | Villager (Male) |
| 4:52 | Create | Villager (Male) |
| 4:52 | Create | Villager (Male) |
| 4:58 | Build | House |
| 5:45 | Create | Villager (Male) |
| 5:45 | Create | Villager (Male) |
| 5:45 | Create | Villager (Male) |
| 6:14 | Build | Mill |
| 6:22 | Create | Villager (Male) |
| 6:44 | Build | Mining Camp |
| 6:55 | Create | Villager (Male) |
| 6:55 | Create | Villager (Male) |
| 7:21 | Build | House |
| 7:53 | Create | Villager (Male) |
| 8:13 | Create | Villager (Male) |
| 8:18 | Create | Villager (Male) |
| 8:18 | Create | Villager (Male) |
| 8:51 | Build | Mining Camp |
| 9:08 | Research | Feudal Age |
| 10:19 | Build | Farm |
| 10:20 | Build | Farm |
| 10:21 | Build | Farm |
| 10:22 | Build | Farm |
| 11:02 | Create | Villager (Male) |
| 11:03 | Create | Villager (Male) |
| 11:21 | Age | Feudal Age |
| 11:22 | Build | Market |
| 11:35 | Build | Blacksmith |
| 12:22 | Research | Castle Age |
| 12:36 | Build | House |
| 12:46 | Research | Double-Bit Axe |
| 13:14 | Research | Horse Collar |
| 13:18 | Build | Farm |
| 13:46 | Build | Farm |
| 14:15 | Research | Scale Mail Armor |
| 14:54 | Create | Villager (Male) |
| 14:54 | Create | Villager (Male) |
| 15:02 | Age | Castle Age |
| 15:07 | Build | Castle |
| 15:17 | Build | Siege Workshop |
| 15:46 | Create | Villager (Male) |
| 15:46 | Create | Villager (Male) |
| 16:02 | Build | Barracks |
| 16:06 | Create | Battering Ram |
| 16:20 | Create | Battering Ram |
| 16:24 | Create | Villager (Male) |
| 16:41 | Create | Samurai ×2 |
| 16:59 | Create | Villager (Male) |
| 17:05 | Create | Samurai ×2 |
| 17:08 | Create | Samurai |
| 17:22 | Create | Villager (Male) |
| 17:22 | Create | Villager (Male) |
| 17:22 | Create | Villager (Male) |
| 17:35 | Build | Farm |
| 17:39 | Create | Samurai |
| 17:39 | Create | Samurai |
| 17:46 | Create | Battering Ram |
| 17:56 | Create | Villager (Male) |
| 18:14 | Create | Villager (Male) |
| 18:15 | Create | Samurai |
| 18:16 | Create | Samurai |
| 18:23 | Build | House |
| 18:27 | Create | Villager (Male) |
| 18:35 | Build | Farm |
| 18:37 | Build | Farm |
| 18:41 | Create | Samurai |
| 18:41 | Create | Samurai |
| 18:51 | Create | Mangonel |
| 18:51 | Create | Mangonel |
| 18:57 | Build | House |
| 19:01 | Create | Villager (Male) |
| 19:13 | Build | House |
| 19:19 | Create | Samurai |
| 19:20 | Create | Villager (Male) |
| 19:33 | Build | Gate |
| 19:42 | Build | Gate |
| 19:46 | Build | House |
| 19:58 | Build | Gate |
| 20:16 | Create | Mangonel |
| 20:43 | Create | Villager (Male) |
| 20:43 | Create | Villager (Male) |
| 20:45 | Create | Samurai ×4 |
| 21:27 | Research | Loom |
| 21:38 | Build | House |
| 21:47 | Create | Villager (Male) |
| 21:48 | Create | Villager (Male) |
| 21:52 | Build | Farm |
| 21:53 | Build | Farm |
| 21:57 | Build | Mill |
| 21:58 | Build | Farm |
| 21:58 | Build | Farm |
| 21:58 | Build | Farm |
| 21:59 | Build | Farm |
| 22:03 | Build | Farm |
| 22:16 | Create | Samurai ×5 |
| 22:32 | Create | Battering Ram |
| 22:43 | Create | Samurai |
| 22:46 | Create | Villager (Male) |
| 23:06 | Create | Villager (Male) |
| 23:10 | Build | Farm |
| 23:13 | Create | Samurai |
| 23:13 | Create | Samurai |
| 23:33 | Create | Battering Ram |
| 23:36 | Research | Squires |
| 24:10 | Create | Samurai ×3 |
| 24:16 | Create | Villager (Male) |
| 24:26 | Create | Samurai |
| 24:26 | Create | Samurai |
| 24:39 | Create | Villager (Male) |
| 24:41 | Build | House |
| 24:42 | Build | House |
| 24:43 | Build | House |
| 24:44 | Build | House |
| 24:45 | Build | House |
| 24:46 | Build | House |
| 24:52 | Build | Lumber Camp |
| 24:55 | Build | Mill |
| 24:55 | Build | Farm |
| 24:56 | Build | Farm |
| 24:57 | Build | Farm |
| 24:58 | Create | Villager (Male) |
| 25:00 | Create | Samurai ×2 |
| 25:32 | Research | Chain Mail Armor |
| 25:32 | Research | Chain Mail Armor |
| 26:08 | Create | Samurai ×3 |
| 26:11 | Create | Villager (Male) |
| 27:14 | Create | Samurai ×5 |
| 27:31 | Create | Villager (Male) |
| 27:43 | Create | Samurai ×5 |
| 28:12 | Create | Samurai ×2 |
| 28:18 | Build | Siege Workshop |
| 28:20 | Create | Villager (Male) ×3 |
Build order — RBase96
First 150 of 217 actions detected
| 0:01 | Create | Villager (Male) |
| 0:01 | Create | Villager (Male) |
| 0:01 | Create | Villager (Male) |
| 0:02 | Build | House |
| 0:03 | Build | House |
| 0:08 | Create | Villager (Male) |
| 1:26 | Create | Villager (Male) |
| 1:53 | Create | Villager (Male) |
| 2:09 | Create | Villager (Male) |
| 2:29 | Build | Lumber Camp |
| 2:36 | Create | Villager (Male) |
| 2:55 | Create | Villager (Male) |
| 3:24 | Create | Villager (Male) |
| 3:31 | Build | House |
| 3:33 | Build | House |
| 3:49 | Create | Villager (Male) |
| 3:57 | Create | Villager (Male) |
| 4:42 | Create | Villager (Male) |
| 4:52 | Create | Villager (Male) |
| 4:53 | Build | Mill |
| 5:08 | Create | Villager (Male) |
| 5:39 | Create | Villager (Male) |
| 5:50 | Create | Villager (Male) |
| 6:03 | Create | Villager (Male) |
| 6:21 | Create | Villager (Male) |
| 6:35 | Create | Villager (Male) |
| 8:00 | Build | Mining Camp |
| 8:02 | Build | Barracks |
| 8:18 | Research | Feudal Age |
| 10:02 | Create | Villager (Male) |
| 10:03 | Create | Villager (Male) |
| 10:29 | Create | Villager (Male) |
| 10:31 | Age | Feudal Age |
| 10:39 | Build | Market |
| 11:02 | Build | House |
| 11:03 | Research | Loom |
| 11:16 | Build | Stable |
| 11:18 | Create | Villager (Male) |
| 12:03 | Build | Farm |
| 12:03 | Build | Farm |
| 12:04 | Build | Farm |
| 12:04 | Build | Farm |
| 12:11 | Research | Castle Age |
| 12:13 | Create | Scout Cavalry |
| 12:27 | Build | Farm |
| 12:38 | Create | Spearman |
| 12:47 | Create | Scout Cavalry |
| 13:06 | Build | House |
| 13:20 | Build | Farm |
| 13:22 | Build | Farm |
| 13:28 | Build | House |
| 14:42 | Create | Villager (Male) |
| 14:44 | Research | Double-Bit Axe |
| 14:45 | Research | Horse Collar |
| 14:51 | Age | Castle Age |
| 15:05 | Build | Monastery |
| 15:10 | Create | Villager (Male) |
| 15:28 | Create | Villager (Male) |
| 15:43 | Create | Villager (Male) |
| 15:52 | Create | Monk |
| 15:54 | Build | House |
| 15:57 | Create | Villager (Male) |
| 16:03 | Build | Farm |
| 16:07 | Create | Villager (Male) |
| 16:25 | Build | House |
| 16:31 | Build | Town Center |
| 16:32 | Create | Villager (Male) |
| 16:41 | Build | Farm |
| 16:43 | Build | Farm |
| 16:46 | Create | Villager (Male) |
| 17:05 | Create | Villager (Male) |
| 17:12 | Build | House |
| 17:17 | Create | Villager (Male) |
| 17:25 | Create | Villager (Male) |
| 17:30 | Build | Town Center |
| 17:38 | Create | Villager (Male) |
| 17:49 | Create | Scout Cavalry |
| 17:56 | Research | Bow Saw |
| 18:02 | Build | Farm |
| 18:20 | Create | Villager (Male) |
| 18:24 | Build | Farm |
| 18:25 | Build | Farm |
| 18:25 | Build | Farm |
| 18:36 | Create | Villager (Male) |
| 18:37 | Create | Villager (Male) |
| 18:48 | Create | Villager (Male) |
| 18:56 | Build | Farm |
| 18:57 | Build | Farm |
| 19:02 | Research | Heavy Plow |
| 19:14 | Create | Villager (Male) |
| 19:17 | Create | Monk |
| 19:27 | Build | Farm |
| 19:27 | Build | Farm |
| 19:28 | Build | Farm |
| 19:30 | Create | Villager (Male) |
| 19:31 | Create | Villager (Male) |
| 19:51 | Create | Villager (Male) |
| 20:06 | Research | Sanctity |
| 20:13 | Create | Villager (Male) |
| 20:20 | Create | Villager (Male) |
| 20:22 | Create | Villager (Male) |
| 20:22 | Create | Villager (Male) |
| 20:24 | Build | Farm |
| 20:24 | Build | Farm |
| 20:24 | Build | Farm |
| 20:25 | Build | Farm |
| 20:25 | Build | Farm |
| 20:25 | Build | Farm |
| 20:29 | Create | Villager (Male) |
| 20:31 | Build | Lumber Camp |
| 20:39 | Create | Monk |
| 20:46 | Create | Villager (Male) |
| 20:48 | Build | Farm |
| 20:52 | Create | Villager (Male) |
| 21:04 | Create | Spearman |
| 21:04 | Create | Spearman |
| 21:25 | Create | Monk |
| 21:27 | Create | Villager (Male) |
| 21:32 | Create | Villager (Male) |
| 21:34 | Build | Barracks |
| 21:36 | Build | Barracks |
| 21:44 | Create | Villager (Male) |
| 21:54 | Create | Villager (Male) |
| 21:57 | Build | Monastery |
| 22:00 | Create | Villager (Male) |
| 22:00 | Create | Villager (Male) |
| 22:16 | Create | Monk |
| 22:17 | Create | Villager (Male) |
| 22:25 | Research | Pikeman (upgrade) |
| 22:30 | Build | Farm |
| 22:31 | Build | Farm |
| 22:31 | Build | Farm |
| 22:33 | Create | Monk |
| 22:36 | Research | Squires |
| 22:36 | Create | Spearman |
| 22:51 | Create | Monk |
| 22:54 | Create | Spearman |
| 22:54 | Create | Spearman |
| 22:56 | Build | Mill |
| 22:57 | Build | Farm |
| 22:57 | Build | Farm |
| 22:57 | Build | Farm |
| 22:58 | Build | Farm |
| 22:58 | Build | Farm |
| 23:08 | Create | Villager (Male) |
| 23:16 | Create | Monk |
| 23:18 | Create | Villager (Male) |
| 23:22 | Create | Spearman |
| 23:22 | Create | Spearman |
| 23:26 | Create | Villager (Male) |
Build order — Rabee-3
103 actions detected in the replay
| 0:00 | Create | Villager (Male) ×4 |
| 0:02 | Build | House |
| 0:03 | Build | House |
| 0:04 | Build | House |
| 1:36 | Create | Villager (Male) |
| 1:53 | Create | Villager (Male) |
| 2:27 | Create | Villager (Male) |
| 2:44 | Create | Villager (Male) |
| 3:14 | Create | Villager (Male) |
| 3:31 | Create | Villager (Male) |
| 4:09 | Build | Lumber Camp |
| 4:14 | Build | House |
| 4:15 | Build | House |
| 4:16 | Create | Villager (Male) |
| 4:16 | Create | Villager (Male) |
| 4:50 | Create | Villager (Male) |
| 5:17 | Build | Mill |
| 5:37 | Create | Villager (Male) |
| 5:37 | Create | Villager (Male) |
| 5:38 | Create | Villager (Male) |
| 5:38 | Create | Villager (Male) |
| 6:35 | Create | Villager (Male) |
| 6:36 | Create | Villager (Male) |
| 6:52 | Create | Villager (Male) |
| 7:02 | Build | Farm |
| 7:05 | Build | Farm |
| 7:10 | Build | Farm |
| 7:27 | Build | Mining Camp |
| 7:34 | Create | Villager (Male) |
| 8:24 | Create | Villager (Male) |
| 8:36 | Build | Mining Camp |
| 8:59 | Create | Villager (Male) |
| 9:23 | Research | Feudal Age |
| 10:22 | Build | Palisade Wall |
| 10:53 | Research | Loom |
| 11:34 | Age | Feudal Age |
| 11:36 | Create | Villager (Male) |
| 12:13 | Create | Villager (Male) |
| 12:15 | Build | Market |
| 12:16 | Build | Blacksmith |
| 12:27 | Build | Farm |
| 12:40 | Create | Villager (Male) |
| 13:03 | Create | Villager (Male) |
| 13:30 | Create | Villager (Male) |
| 13:38 | Build | Farm |
| 13:42 | Build | Farm |
| 14:14 | Research | Castle Age |
| 15:43 | Research | Double-Bit Axe |
| 15:47 | Research | Horse Collar |
| 16:39 | Create | Villager (Male) |
| 16:54 | Age | Castle Age |
| 17:08 | Build | Castle |
| 17:14 | Create | Villager (Male) |
| 17:45 | Create | Villager (Male) |
| 18:00 | Create | Conquistador |
| 18:00 | Create | Conquistador |
| 18:27 | Create | Conquistador |
| 18:45 | Build | Farm |
| 18:48 | Build | Farm |
| 18:52 | Build | Farm |
| 18:58 | Build | Farm |
| 19:02 | Create | Conquistador |
| 19:19 | Create | Villager (Male) |
| 19:25 | Build | Farm |
| 19:29 | Build | Farm |
| 19:47 | Create | Conquistador |
| 20:17 | Build | Farm |
| 20:22 | Create | Conquistador |
| 20:28 | Build | Farm |
| 20:31 | Build | Farm |
| 20:49 | Create | Conquistador |
| 21:06 | Create | Conquistador |
| 22:18 | Create | Villager (Male) |
| 22:18 | Create | Conquistador |
| 22:18 | Create | Conquistador |
| 22:36 | Create | Conquistador |
| 22:36 | Create | Villager (Male) |
| 22:50 | Create | Conquistador |
| 23:03 | Build | Monastery |
| 23:42 | Create | Villager (Male) |
| 23:42 | Create | Conquistador |
| 23:44 | Research | Padded Archer Armor |
| 23:54 | Build | Barracks |
| 24:50 | Build | Monastery |
| 24:57 | Create | Villager (Male) |
| 24:57 | Create | Villager (Male) |
| 24:58 | Create | Conquistador |
| 25:29 | Create | Missionary |
| 25:43 | Build | House |
| 26:13 | Build | Stable |
| 26:14 | Create | Villager (Male) |
| 26:15 | Create | Conquistador |
| 26:20 | Research | Leather Archer Armor |
| 26:26 | Build | Farm |
| 27:17 | Research | Bloodlines |
| 27:18 | Research | Husbandry |
| 27:19 | Build | House |
| 27:21 | Create | Villager (Male) |
| 27:44 | Create | Villager (Male) |
| 27:44 | Create | Conquistador |
| 27:52 | Build | House |
| 28:35 | Create | Villager (Male) |
| 28:36 | Create | Conquistador |
Build order — Arizona Ranger
First 150 of 159 actions detected
| 0:01 | Create | Villager (Male) ×4 |
| 0:02 | Build | House |
| 0:04 | Build | House |
| 1:28 | Create | Villager (Male) |
| 1:56 | Create | Villager (Male) |
| 1:56 | Create | Villager (Male) |
| 2:12 | Build | Lumber Camp |
| 2:28 | Create | Villager (Male) |
| 2:28 | Create | Villager (Male) |
| 2:32 | Create | Villager (Male) |
| 3:07 | Build | House |
| 3:22 | Create | Villager (Male) |
| 3:23 | Create | Villager (Male) |
| 3:44 | Create | Villager (Male) |
| 3:44 | Create | Villager (Male) |
| 3:44 | Create | Villager (Male) |
| 4:19 | Create | Villager (Male) |
| 4:33 | Build | Mill |
| 5:20 | Create | Villager (Male) |
| 5:21 | Create | Villager (Male) |
| 5:37 | Build | House |
| 5:39 | Build | House |
| 5:43 | Create | Villager (Male) |
| 6:20 | Build | Mill |
| 6:24 | Create | Villager (Male) |
| 6:24 | Create | Villager (Male) |
| 6:25 | Create | Villager (Male) |
| 6:46 | Create | Villager (Male) |
| 6:47 | Create | Villager (Male) |
| 7:58 | Build | House |
| 8:32 | Research | Feudal Age |
| 9:01 | Create | Villager (Male) |
| 9:01 | Create | Villager (Male) |
| 9:13 | Build | Mining Camp |
| 10:42 | Age | Feudal Age |
| 10:54 | Build | Market |
| 11:35 | Create | Villager (Male) |
| 11:42 | Build | Blacksmith |
| 11:57 | Research | Double-Bit Axe |
| 12:09 | Research | Castle Age |
| 12:10 | Research | Castle Age |
| 12:19 | Research | Horse Collar |
| 12:39 | Build | House |
| 12:54 | Build | Farm |
| 13:12 | Build | Farm |
| 13:33 | Build | House |
| 13:35 | Build | House |
| 13:48 | Build | Barracks |
| 14:04 | Build | Farm |
| 14:35 | Build | House |
| 14:48 | Create | Villager (Male) |
| 14:49 | Age | Castle Age |
| 14:57 | Build | Siege Workshop |
| 15:05 | Build | University |
| 15:16 | Create | Villager (Male) |
| 15:19 | Research | Bow Saw |
| 15:33 | Create | Villager (Male) |
| 15:51 | Build | Monastery |
| 15:55 | Create | Villager (Male) |
| 16:02 | Build | Farm |
| 16:14 | Create | Villager (Male) |
| 16:20 | Create | Mangonel |
| 16:29 | Create | Monk |
| 16:39 | Build | Farm |
| 16:48 | Build | Farm |
| 16:49 | Create | Villager (Male) |
| 16:57 | Build | Farm |
| 17:08 | Build | Farm |
| 17:17 | Create | Battering Ram |
| 17:34 | Create | Villager (Male) |
| 17:52 | Research | Fervor |
| 17:58 | Create | Villager (Male) |
| 18:04 | Build | Town Center |
| 18:10 | Build | Farm |
| 18:17 | Create | Villager (Male) |
| 18:33 | Create | Battering Ram |
| 18:34 | Create | Villager (Male) |
| 18:53 | Create | Villager (Male) |
| 18:59 | Build | Farm |
| 19:06 | Build | Farm |
| 19:08 | Create | Villager (Male) |
| 19:21 | Create | Monk |
| 19:27 | Create | Villager (Male) |
| 19:30 | Build | Farm |
| 20:13 | Create | Villager (Male) |
| 20:14 | Create | Villager (Male) |
| 20:21 | Create | Villager (Male) |
| 20:21 | Create | Villager (Male) |
| 20:44 | Create | Villager (Male) |
| 20:58 | Create | Battering Ram |
| 20:58 | Create | Battering Ram |
| 21:05 | Create | Villager (Male) |
| 21:05 | Create | Villager (Male) |
| 21:12 | Create | Villager (Male) |
| 21:33 | Build | Siege Workshop |
| 21:43 | Build | Archery Range |
| 21:44 | Build | Archery Range |
| 21:51 | Build | Farm |
| 21:52 | Build | Farm |
| 21:52 | Build | Farm |
| 21:52 | Build | Farm |
| 22:40 | Research | Chemistry |
| 22:41 | Create | Villager (Male) |
| 22:45 | Build | House |
| 22:47 | Build | House |
| 22:47 | Build | House |
| 22:47 | Build | House |
| 22:48 | Build | House |
| 22:53 | Build | Farm |
| 22:54 | Build | Farm |
| 22:54 | Build | Farm |
| 23:17 | Build | Town Center |
| 23:22 | Research | Wheelbarrow |
| 23:27 | Create | Villager (Male) |
| 23:38 | Build | House |
| 23:39 | Build | House |
| 23:41 | Build | House |
| 23:42 | Build | House |
| 23:49 | Create | Villager (Male) |
| 24:08 | Build | Farm |
| 24:11 | Build | Farm |
| 24:16 | Build | Farm |
| 24:23 | Build | Farm |
| 24:26 | Build | Farm |
| 24:32 | Build | Farm |
| 24:34 | Create | Villager (Male) |
| 24:38 | Build | House |
| 24:45 | Build | Farm |
| 24:47 | Create | Villager (Male) |
| 24:47 | Create | Villager (Male) |
| 24:53 | Build | Farm |
| 25:03 | Build | Farm |
| 25:04 | Create | Villager (Male) |
| 25:04 | Create | Villager (Male) |
| 25:14 | Create | Villager (Male) |
| 25:19 | Build | Farm |
| 25:19 | Build | Farm |
| 25:19 | Build | Farm |
| 25:30 | Build | Farm |
| 25:32 | Create | Villager (Male) |
| 25:33 | Create | Villager (Male) |
| 25:43 | Build | Farm |
| 25:43 | Build | Farm |
| 25:43 | Build | Farm |
| 25:44 | Build | Farm |
| 25:48 | Create | Villager (Male) |
| 25:48 | Create | Villager (Male) |
| 25:58 | Build | Farm |
| 25:58 | Build | Farm |
| 25:58 | Build | Farm |
Build order — JoC-Rui
First 150 of 175 actions detected
| 0:00 | Create | Villager (Male) |
| 0:01 | Create | Villager (Male) |
| 0:02 | Build | House |
| 0:11 | Create | Villager (Male) |
| 0:12 | Create | Villager (Male) |
| 0:24 | Build | Mill |
| 1:30 | Create | Villager (Male) |
| 1:35 | Create | Villager (Male) |
| 1:38 | Build | House |
| 2:04 | Create | Villager (Male) |
| 2:19 | Create | Villager (Male) |
| 2:44 | Create | Villager (Male) |
| 3:03 | Create | Villager (Male) |
| 3:04 | Create | Villager (Male) |
| 3:31 | Create | Villager (Male) |
| 3:50 | Build | House |
| 3:56 | Build | House |
| 4:02 | Create | Villager (Male) |
| 4:12 | Create | Villager (Male) |
| 4:12 | Create | Villager (Male) |
| 4:59 | Create | Villager (Male) |
| 5:22 | Build | House |
| 5:27 | Create | Villager (Male) |
| 5:41 | Create | Villager (Male) |
| 5:51 | Create | Villager (Male) |
| 6:04 | Build | Mill |
| 6:36 | Create | Villager (Male) |
| 7:10 | Build | Lumber Camp |
| 7:33 | Create | Villager (Male) |
| 8:02 | Create | Villager (Male) |
| 8:02 | Research | Feudal Age |
| 8:23 | Build | Farm |
| 8:54 | Build | Mining Camp |
| 9:14 | Create | Villager (Male) |
| 9:15 | Create | Villager (Male) |
| 9:20 | Build | Farm |
| 11:21 | Age | Feudal Age |
| 11:22 | Build | Market |
| 11:24 | Build | Blacksmith |
| 11:32 | Research | Double-Bit Axe |
| 12:14 | Research | Horse Collar |
| 12:14 | Research | Castle Age |
| 12:48 | Research | Gold Mining |
| 13:30 | Build | House |
| 14:13 | Create | Villager (Male) |
| 14:28 | Build | House |
| 14:54 | Age | Castle Age |
| 14:56 | Research | Bow Saw |
| 15:06 | Build | Siege Workshop |
| 15:15 | Create | Villager (Male) |
| 15:25 | Build | Lumber Camp |
| 15:34 | Build | Siege Workshop |
| 15:39 | Create | Villager (Male) |
| 16:06 | Create | Villager (Male) |
| 16:12 | Create | Armored Elephant |
| 16:16 | Create | Armored Elephant |
| 16:17 | Create | Villager (Male) |
| 16:21 | Build | Farm |
| 16:23 | Build | Farm |
| 16:26 | Build | Farm |
| 16:33 | Create | Armored Elephant |
| 16:34 | Create | Villager (Male) |
| 16:38 | Build | Farm |
| 16:46 | Build | House |
| 16:51 | Create | Armored Elephant |
| 16:55 | Build | Farm |
| 17:02 | Build | Farm |
| 17:17 | Build | Farm |
| 17:19 | Create | Armored Elephant |
| 17:33 | Build | Farm |
| 17:37 | Create | Armored Elephant |
| 17:45 | Build | Farm |
| 17:48 | Build | Farm |
| 17:53 | Create | Villager (Male) |
| 18:05 | Build | Farm |
| 18:14 | Create | Armored Elephant |
| 18:23 | Build | Farm |
| 18:30 | Create | Villager (Male) |
| 18:52 | Create | Armored Elephant |
| 18:52 | Create | Armored Elephant |
| 18:56 | Build | Farm |
| 19:02 | Create | Villager (Male) |
| 19:04 | Build | House |
| 19:16 | Create | Armored Elephant |
| 19:16 | Create | Armored Elephant |
| 19:22 | Create | Villager (Male) |
| 19:24 | Build | House |
| 19:35 | Build | Farm |
| 19:36 | Build | Farm |
| 19:53 | Build | Barracks |
| 20:00 | Build | Farm |
| 20:02 | Create | Villager (Male) |
| 20:22 | Create | Villager (Male) |
| 20:36 | Build | Farm |
| 20:49 | Build | Stable |
| 20:49 | Build | Stable |
| 20:53 | Research | Scale Barding Armor |
| 20:56 | Create | Villager (Male) |
| 21:00 | Build | Farm |
| 21:07 | Build | Farm |
| 21:07 | Build | Farm |
| 21:08 | Build | Farm |
| 21:12 | Create | Villager (Male) |
| 21:32 | Build | Farm |
| 21:40 | Create | Villager (Male) |
| 21:45 | Build | Farm |
| 21:52 | Build | Stable |
| 22:00 | Research | Forging |
| 22:03 | Build | Farm |
| 22:21 | Build | Farm |
| 22:27 | Research | Heavy Plow |
| 22:34 | Create | Villager (Male) |
| 22:49 | Create | Villager (Male) |
| 22:59 | Research | Chain Barding Armor |
| 22:59 | Create | Villager (Male) |
| 23:17 | Build | Farm |
| 23:18 | Create | Villager (Male) |
| 23:34 | Build | House |
| 23:35 | Build | House |
| 23:35 | Build | House |
| 23:35 | Build | House |
| 23:35 | Build | House |
| 23:39 | Build | Farm |
| 23:47 | Research | Bloodlines |
| 23:56 | Create | Armored Elephant |
| 24:03 | Build | Stable |
| 24:04 | Build | Stable |
| 24:18 | Create | Villager (Male) |
| 24:29 | Build | Lumber Camp |
| 24:33 | Research | Husbandry |
| 24:34 | Research | Scale Mail Armor |
| 24:47 | Create | Villager (Male) |
| 25:06 | Build | Farm |
| 25:12 | Build | Farm |
| 25:12 | Build | Farm |
| 25:15 | Research | Wheelbarrow |
| 25:16 | Create | Camel Scout |
| 25:16 | Create | Camel Scout |
| 25:19 | Create | Villager (Male) |
| 25:26 | Create | Villager (Male) |
| 25:30 | Build | Farm |
| 25:33 | Build | Farm |
| 25:34 | Create | Villager (Male) |
| 25:41 | Create | Camel Scout |
| 25:42 | Create | Camel Scout |
| 25:42 | Create | Camel Scout |
| 25:45 | Build | Farm |
| 25:51 | Create | Camel Scout |
| 25:51 | Create | Camel Scout |
| 25:52 | Create | Villager (Male) |
Build order — spaz_the_adventurer
First 150 of 191 actions detected
| 0:01 | Create | Villager (Male) |
| 0:01 | Create | Villager (Male) |
| 0:02 | Build | House |
| 0:04 | Build | House |
| 0:17 | Create | Villager (Male) |
| 0:18 | Create | Villager (Male) |
| 1:35 | Create | Villager (Male) |
| 1:44 | Build | Lumber Camp |
| 2:00 | Create | Villager (Male) |
| 2:25 | Create | Villager (Male) |
| 2:52 | Create | Villager (Male) |
| 2:53 | Create | Villager (Male) |
| 3:40 | Create | Villager (Male) |
| 3:53 | Build | House |
| 3:54 | Build | House |
| 4:02 | Create | Villager (Male) |
| 4:30 | Create | Villager (Male) |
| 4:37 | Build | Mill |
| 4:50 | Create | Villager (Male) |
| 5:03 | Create | Villager (Male) |
| 5:45 | Create | Villager (Male) |
| 6:00 | Create | Villager (Male) |
| 6:36 | Create | Villager (Male) |
| 6:45 | Build | Mill |
| 6:58 | Create | Villager (Male) |
| 7:27 | Create | Villager (Male) |
| 7:53 | Create | Villager (Male) |
| 7:54 | Create | Villager (Male) |
| 8:16 | Build | House |
| 8:26 | Build | Mining Camp |
| 8:48 | Create | Villager (Male) |
| 8:50 | Research | Feudal Age |
| 9:22 | Create | Villager (Male) |
| 9:22 | Create | Villager (Male) |
| 9:39 | Build | Barracks |
| 10:31 | Age | Feudal Age |
| 10:39 | Build | Stable |
| 10:51 | Build | Market |
| 11:25 | Create | Villager (Male) |
| 11:29 | Build | Farm |
| 11:31 | Build | Farm |
| 12:11 | Research | Castle Age |
| 12:19 | Build | House |
| 12:20 | Build | House |
| 12:20 | Build | House |
| 12:28 | Build | Farm |
| 13:25 | Create | Villager (Male) |
| 13:32 | Research | Double-Bit Axe |
| 13:39 | Build | Farm |
| 13:42 | Build | Farm |
| 13:46 | Build | Farm |
| 13:47 | Age | Castle Age |
| 13:51 | Create | Battle Elephant |
| 14:05 | Create | Villager (Male) |
| 14:18 | Build | Farm |
| 14:22 | Create | Battle Elephant |
| 14:31 | Create | Villager (Male) |
| 14:36 | Build | Farm |
| 14:37 | Build | Farm |
| 14:45 | Create | Battle Elephant |
| 14:46 | Create | Villager (Male) |
| 15:05 | Create | Villager (Male) |
| 15:15 | Create | Battle Elephant |
| 15:20 | Build | Farm |
| 15:23 | Build | Farm |
| 15:24 | Create | Villager (Male) |
| 15:38 | Create | Battle Elephant |
| 15:45 | Build | Farm |
| 15:57 | Build | Farm |
| 16:01 | Create | Battle Elephant |
| 16:02 | Create | Villager (Male) |
| 16:23 | Build | Farm |
| 16:27 | Create | Battle Elephant |
| 16:38 | Build | Farm |
| 16:43 | Create | Villager (Male) |
| 16:47 | Create | Battle Elephant |
| 17:04 | Build | House |
| 17:05 | Build | House |
| 17:05 | Build | House |
| 17:15 | Build | Blacksmith |
| 17:20 | Create | Villager (Male) |
| 17:23 | Research | Town Watch |
| 17:34 | Create | Villager (Male) |
| 17:38 | Research | Husbandry |
| 17:54 | Build | Farm |
| 17:57 | Build | Farm |
| 18:00 | Create | Villager (Male) |
| 18:03 | Create | Battle Elephant |
| 18:27 | Create | Villager (Male) |
| 18:34 | Build | Farm |
| 18:41 | Create | Battle Elephant |
| 19:00 | Create | Villager (Male) |
| 19:03 | Create | Battle Elephant |
| 19:07 | Research | Scale Barding Armor |
| 19:31 | Create | Villager (Male) |
| 19:41 | Build | Town Center |
| 20:06 | Create | Battle Elephant |
| 20:07 | Create | Villager (Male) |
| 20:07 | Create | Villager (Male) |
| 20:24 | Create | Villager (Male) |
| 20:33 | Create | Villager (Male) |
| 20:36 | Create | Battle Elephant |
| 20:41 | Build | Farm |
| 20:42 | Build | Farm |
| 20:49 | Build | Farm |
| 20:51 | Research | Horse Collar |
| 21:10 | Create | Battle Elephant |
| 21:27 | Create | Villager (Male) |
| 21:29 | Create | Villager (Male) |
| 21:49 | Create | Battle Elephant |
| 21:50 | Create | Villager (Male) |
| 21:50 | Create | Villager (Male) |
| 22:05 | Build | House |
| 22:06 | Build | House |
| 22:07 | Build | House |
| 22:07 | Build | House |
| 22:07 | Build | House |
| 22:25 | Create | Villager (Male) |
| 22:30 | Build | House |
| 22:31 | Build | House |
| 22:31 | Build | House |
| 22:32 | Build | House |
| 22:32 | Build | House |
| 22:43 | Create | Villager (Male) |
| 22:58 | Create | Villager (Male) |
| 23:04 | Build | Town Center |
| 23:09 | Create | Villager (Male) |
| 23:11 | Research | Wheelbarrow |
| 23:35 | Create | Villager (Male) |
| 23:37 | Create | Villager (Male) |
| 23:51 | Build | Farm |
| 24:10 | Create | Villager (Male) |
| 24:18 | Create | Villager (Male) |
| 24:32 | Create | Villager (Male) |
| 24:45 | Create | Villager (Male) |
| 24:48 | Build | House |
| 24:52 | Create | Villager (Male) |
| 24:52 | Create | Villager (Male) |
| 24:56 | Build | House |
| 24:58 | Build | House |
| 25:16 | Create | Villager (Male) |
| 25:17 | Create | Villager (Male) |
| 25:18 | Create | Villager (Male) |
| 25:24 | Research | Bow Saw |
| 25:28 | Build | House |
| 25:39 | Build | Town Center |
| 25:52 | Create | Villager (Male) |
| 25:53 | Create | Villager (Male) |
| 25:55 | Build | House |
| 25:56 | Build | House |
Build order — JoC-MBA
First 150 of 173 actions detected
| 0:07 | Create | Villager (Male) ×4 |
| 0:10 | Build | House |
| 0:11 | Build | House |
| 1:31 | Create | Villager (Male) |
| 1:52 | Build | Lumber Camp |
| 1:59 | Create | Villager (Male) |
| 2:31 | Create | Villager (Male) |
| 2:58 | Research | Loom |
| 3:01 | Create | Villager (Male) |
| 3:01 | Create | Villager (Male) |
| 3:04 | Create | Villager (Male) |
| 3:41 | Build | House |
| 3:55 | Create | Villager (Male) |
| 4:24 | Create | Villager (Male) |
| 4:24 | Create | Villager (Male) |
| 4:25 | Create | Villager (Male) |
| 4:25 | Create | Villager (Male) |
| 4:57 | Build | Mill |
| 5:32 | Create | Villager (Male) |
| 5:32 | Create | Villager (Male) |
| 5:43 | Build | House |
| 6:03 | Build | Mill |
| 6:27 | Create | Villager (Male) |
| 6:27 | Create | Villager (Male) |
| 6:28 | Create | Villager (Male) |
| 6:28 | Create | Villager (Male) |
| 6:28 | Create | Villager (Male) |
| 6:28 | Create | Villager (Male) |
| 6:29 | Create | Villager (Male) |
| 8:22 | Research | Feudal Age |
| 9:46 | Build | House |
| 10:33 | Build | Farm |
| 10:35 | Build | Farm |
| 10:38 | Build | Farm |
| 10:59 | Build | Mining Camp |
| 11:08 | Create | Villager (Male) |
| 11:08 | Create | Villager (Male) |
| 11:09 | Age | Feudal Age |
| 11:18 | Build | Blacksmith |
| 11:33 | Build | Market |
| 12:01 | Create | Villager (Male) |
| 12:15 | Research | Double-Bit Axe |
| 12:31 | Research | Castle Age |
| 12:31 | Research | Castle Age |
| 13:20 | Build | House |
| 14:10 | Build | Mining Camp |
| 14:24 | Build | Farm |
| 14:26 | Build | Farm |
| 15:11 | Age | Castle Age |
| 15:16 | Build | Town Center |
| 15:16 | Create | Villager (Male) |
| 15:21 | Build | Town Center |
| 15:26 | Research | Stone Mining |
| 15:30 | Create | Villager (Male) ×5 |
| 15:35 | Build | Farm |
| 15:39 | Build | Farm |
| 15:42 | Build | Farm |
| 15:47 | Build | Farm |
| 16:08 | Create | Villager (Male) |
| 16:12 | Build | Farm |
| 16:58 | Create | Villager (Male) ×5 |
| 17:12 | Create | Villager (Male) ×4 |
| 17:14 | Build | Farm |
| 17:15 | Build | Farm |
| 17:18 | Build | Farm |
| 17:21 | Build | Farm |
| 17:27 | Build | Farm |
| 17:34 | Build | Farm |
| 17:36 | Build | Farm |
| 17:38 | Create | Villager (Male) ×2 |
| 17:55 | Build | Farm |
| 18:05 | Build | Farm |
| 18:16 | Create | Villager (Male) ×2 |
| 18:22 | Build | Farm |
| 18:26 | Create | Villager (Male) |
| 18:28 | Create | Villager (Male) |
| 18:45 | Build | House |
| 19:10 | Build | Town Center |
| 19:17 | Create | Villager (Male) ×5 |
| 19:31 | Create | Villager (Male) ×2 |
| 19:56 | Build | House |
| 19:57 | Build | House |
| 20:02 | Build | House |
| 20:03 | Build | House |
| 20:05 | Build | Farm |
| 20:43 | Create | Villager (Male) ×5 |
| 20:44 | Create | Villager (Male) ×2 |
| 20:44 | Create | Villager (Male) ×2 |
| 20:50 | Build | Farm |
| 20:56 | Create | Villager (Male) |
| 20:59 | Build | Farm |
| 20:59 | Build | Farm |
| 21:00 | Build | Farm |
| 21:00 | Build | Farm |
| 21:00 | Build | Farm |
| 21:06 | Build | House |
| 21:06 | Build | House |
| 21:07 | Build | House |
| 21:07 | Build | House |
| 21:08 | Build | House |
| 21:14 | Create | Villager (Male) ×2 |
| 21:25 | Build | Farm |
| 21:46 | Create | Villager (Male) ×4 |
| 22:16 | Build | Castle |
| 22:22 | Build | Mining Camp |
| 22:24 | Create | Villager (Male) ×5 |
| 22:33 | Build | Farm |
| 22:33 | Build | Farm |
| 22:46 | Build | Barracks |
| 22:50 | Create | Villager (Male) |
| 22:52 | Create | Villager (Male) |
| 22:55 | Build | Farm |
| 22:55 | Build | Farm |
| 22:56 | Build | Farm |
| 23:34 | Create | Villager (Male) |
| 23:35 | Create | Villager (Male) |
| 23:35 | Create | Villager (Male) |
| 23:35 | Create | Villager (Male) |
| 23:41 | Build | House |
| 23:43 | Build | House |
| 24:50 | Research | Imperial Age |
| 24:51 | Create | Villager (Male) ×3 |
| 25:15 | Build | Farm |
| 25:16 | Research | Wheelbarrow |
| 25:22 | Create | Villager (Male) |
| 25:24 | Create | Mangudai |
| 25:29 | Build | Archery Range |
| 25:36 | Build | University |
| 25:43 | Research | Horse Collar |
| 25:47 | Create | Villager (Male) ×2 |
| 25:50 | Create | Villager (Male) |
| 26:00 | Create | Mangudai |
| 26:06 | Research | Fletching |
| 26:07 | Research | Fletching |
| 26:22 | Build | Castle |
| 26:24 | Research | Gold Mining |
| 26:43 | Research | Ballistics |
| 26:43 | Research | Ballistics |
| 26:48 | Create | Villager (Male) ×4 |
| 26:57 | Create | Mangudai |
| 27:08 | Research | Gold Shaft Mining |
| 27:09 | Build | Mining Camp |
| 27:14 | Build | House |
| 27:15 | Build | House |
| 27:16 | Build | House |
| 27:16 | Build | House |
| 27:21 | Build | Farm |
| 27:22 | Create | Villager (Male) ×2 |
| 27:31 | Create | Mangudai |
| 27:31 | Create | Mangudai |
Build order — Lorhey
122 actions detected in the replay
| 0:00 | Create | Villager (Male) |
| 0:01 | Create | Villager (Male) |
| 0:01 | Create | Villager (Male) |
| 0:01 | Create | Villager (Male) |
| 0:01 | Create | Villager (Male) |
| 0:02 | Build | House |
| 0:04 | Build | House |
| 1:30 | Create | Villager (Male) |
| 1:58 | Create | Villager (Male) |
| 2:09 | Build | Lumber Camp |
| 2:21 | Create | Villager (Male) |
| 2:51 | Create | Villager (Male) |
| 3:24 | Create | Villager (Male) |
| 3:44 | Create | Villager (Male) |
| 4:07 | Create | Villager (Male) |
| 4:13 | Build | House |
| 4:25 | Create | Villager (Male) |
| 4:31 | Build | Mill |
| 4:49 | Create | Villager (Male) |
| 5:25 | Create | Villager (Male) |
| 5:42 | Create | Villager (Male) |
| 5:48 | Research | Loom |
| 6:24 | Build | Mining Camp |
| 6:35 | Research | Feudal Age |
| 6:59 | Build | House |
| 8:21 | Create | Villager (Male) |
| 8:54 | Age | Feudal Age |
| 9:07 | Research | Double-Bit Axe |
| 9:08 | Research | Horse Collar |
| 9:23 | Create | Villager (Male) |
| 9:31 | Build | Watch Tower |
| 9:40 | Build | Watch Tower |
| 9:42 | Create | Villager (Male) |
| 9:52 | Create | Villager (Male) |
| 10:08 | Build | Blacksmith |
| 10:20 | Create | Villager (Male) |
| 10:59 | Build | Watch Tower |
| 11:13 | Create | Villager (Male) |
| 11:37 | Create | Villager (Male) |
| 11:41 | Create | Villager (Male) |
| 11:57 | Build | Mill |
| 12:16 | Build | Mining Camp |
| 12:26 | Create | Villager (Male) |
| 12:44 | Create | Villager (Male) |
| 12:47 | Build | Farm |
| 12:49 | Build | Farm |
| 12:51 | Build | Farm |
| 12:54 | Build | Farm |
| 12:57 | Build | Farm |
| 13:00 | Build | Farm |
| 13:06 | Create | Villager (Male) |
| 13:08 | Build | House |
| 13:38 | Create | Villager (Male) |
| 13:40 | Build | House |
| 13:59 | Create | Villager (Male) |
| 14:13 | Create | Villager (Male) |
| 14:40 | Build | Farm |
| 14:43 | Build | Market |
| 14:48 | Create | Villager (Male) |
| 14:50 | Build | Lumber Camp |
| 15:16 | Build | Farm |
| 15:25 | Create | Villager (Male) |
| 15:36 | Build | Farm |
| 15:51 | Create | Villager (Male) |
| 15:56 | Build | House |
| 16:00 | Build | House |
| 16:13 | Create | Villager (Male) |
| 16:41 | Research | Castle Age |
| 16:42 | Research | Castle Age |
| 17:37 | Create | Villager (Male) |
| 19:11 | Create | Villager (Male) |
| 19:21 | Age | Castle Age |
| 19:27 | Build | Town Center |
| 19:30 | Research | Bow Saw |
| 19:57 | Build | Town Center |
| 20:00 | Create | Villager (Male) |
| 20:03 | Research | Stone Mining |
| 20:05 | Create | Villager (Male) |
| 20:15 | Create | Villager (Male) |
| 20:49 | Build | Castle |
| 21:05 | Build | Stone Wall |
| 21:09 | Build | Siege Workshop |
| 21:10 | Create | Villager (Male) |
| 21:32 | Create | Villager (Male) |
| 21:39 | Create | Villager (Male) |
| 21:39 | Create | Villager (Male) |
| 21:40 | Create | Villager (Male) |
| 22:00 | Create | Iron Pagoda |
| 22:02 | Create | Villager (Male) |
| 22:10 | Create | Villager (Male) |
| 22:18 | Create | Villager (Male) |
| 22:19 | Create | Villager (Male) |
| 22:31 | Create | Villager (Male) |
| 23:34 | Build | Town Center |
| 23:36 | Create | Villager (Male) |
| 23:51 | Create | Villager (Male) |
| 25:07 | Build | Stone Wall |
| 25:15 | Build | Stone Wall |
| 25:33 | Create | Villager (Male) |
| 25:34 | Create | Villager (Male) |
| 25:36 | Build | Farm |
| 25:37 | Build | Farm |
| 25:37 | Build | Farm |
| 25:37 | Build | Farm |
| 25:37 | Build | Farm |
| 25:38 | Build | Farm |
| 26:06 | Build | Mill |
| 26:08 | Build | Farm |
| 26:08 | Build | Farm |
| 26:08 | Build | Farm |
| 26:08 | Build | Farm |
| 26:32 | Build | Farm |
| 27:03 | Build | Farm |
| 27:11 | Create | Villager (Male) |
| 27:21 | Create | Villager (Male) |
| 27:28 | Build | Town Center |
| 27:46 | Create | Villager (Male) |
| 28:03 | Create | Villager (Male) |
| 28:12 | Build | Farm |
| 28:15 | Research | Heavy Plow |
| 28:25 | Create | Villager (Male) |
| 28:46 | Create | Villager (Male) |
Match timeline
| 8:02 | RBase96 · first_building Barracks |
| 8:54 | Lorhey · age_up feudal |
| 9:39 | spaz_the_adventurer · first_building Barracks |
| 10:22 | Rabee-3 · wall_segment Palisade Wall x1 |
| 10:31 | RBase96 · age_up feudal |
| 10:31 | spaz_the_adventurer · age_up feudal |
| 10:39 | spaz_the_adventurer · first_building Stable |
| 10:42 | Arizona Ranger · age_up feudal |
| 11:09 | JoC-MBA · age_up feudal |
| 11:16 | RBase96 · first_building Stable |
| 11:21 | JoC-Rui · age_up feudal |
| 11:21 | JoC-HANZO · age_up feudal |
| 11:34 | Rabee-3 · age_up feudal |
| 11:35 | spaz_the_adventurer · first_market_sell 100 stone |
| 11:36 | spaz_the_adventurer · first_market_buy 100 food |
| 12:24 | JoC-MBA · first_market_sell 100 wood |
| 13:44 | Rabee-3 · first_market_sell 100 stone |
| 13:46 | Rabee-3 · first_market_buy 100 food |
| 13:47 | spaz_the_adventurer · age_up castle |
| 13:48 | Arizona Ranger · first_building Barracks |
| 14:49 | Arizona Ranger · age_up castle |
| 14:51 | RBase96 · age_up castle |
| 14:54 | JoC-Rui · age_up castle |
| 14:57 | Arizona Ranger · first_building Siege Workshop |
| 15:02 | JoC-HANZO · age_up castle |
| 15:03 | RBase96 · first_market_buy 100 wood |
| 15:05 | RBase96 · first_building Monastery |
| 15:06 | JoC-Rui · first_building Siege Workshop |
| 15:07 | JoC-HANZO · first_building Castle |
| 15:11 | JoC-MBA · age_up castle |
| 15:17 | JoC-HANZO · first_building Siege Workshop |
| 15:27 | JoC-Rui · first_market_buy 100 wood |
| 15:51 | Arizona Ranger · first_building Monastery |
| 16:02 | JoC-HANZO · first_building Barracks |
| 16:54 | Rabee-3 · age_up castle |
| 17:03 | JoC-HANZO · first_market_sell 100 stone |
| 17:08 | Rabee-3 · first_building Castle |
| 17:37 | JoC-Rui · first_market_sell 100 wood |
| 19:21 | Lorhey · age_up castle |
| 19:53 | JoC-Rui · first_building Barracks |
| 20:02 | RBase96 · first_market_sell 100 wood |
| 20:38 | Lorhey · first_market_buy 100 stone |
| 20:49 | JoC-Rui · first_building Stable |
| 20:49 | Lorhey · first_building Castle |
| 21:05 | Lorhey · wall_segment Stone Wall x6 |
| 21:09 | Lorhey · first_building Siege Workshop |
| 21:38 | JoC-MBA · first_market_buy 100 stone |
| 21:43 | Arizona Ranger · first_building Archery Range |
| 21:58 | Lorhey · first_market_sell 100 wood |
| 22:16 | JoC-MBA · first_building Castle |
| 22:46 | JoC-MBA · first_building Barracks |
| 23:03 | Rabee-3 · first_building Monastery |
| 23:54 | Rabee-3 · first_building Barracks |
| 25:07 | Lorhey · wall_segment Stone Wall x5 |
| 25:15 | Lorhey · wall_segment Stone Wall x2 |
| 25:29 | JoC-MBA · first_building Archery Range |
| 25:36 | RBase96 · first_building Siege Workshop |
| 26:13 | Rabee-3 · first_building Stable |
| 27:11 | RBase96 · first_building Archery Range |
| 27:23 | RBase96 · tribute_sent a jugador 2 |
| 27:23 | RBase96 · tribute_sent a jugador 3 |
| 27:23 | RBase96 · tribute_sent a jugador 4 |
| 27:23 | RBase96 · tribute_sent a jugador 5 |
| 27:23 | RBase96 · tribute_sent a jugador 6 |
| 27:23 | RBase96 · tribute_sent a jugador 7 |
| 27:23 | RBase96 · tribute_sent a jugador 8 |
| 27:50 | JoC-MBA · first_building Stable |
| 28:00 | JoC-MBA · age_up imperial |
| 28:38 | spaz_the_adventurer · first_building Castle |
| 28:43 | Arizona Ranger · resign |
[ AI ANALYSIS · 1 CREDIT ]
What really happened in this match?
Wolo.gg analyzes every decision: build order, eco, micro, common mistakes by bracket. Personalized analysis on WhatsApp or Discord in 30 seconds.
Civ guide
Japanese
Perfil
Jugador #2727592